 Dungeon Crawl Stone Soup version 0.30.0-29-ga12c61a403 (webtiles) character file.

Game seed: 10538400379238188659

310 Dordric the Cleaver (level 6, 0/51 HPs)
             Began as a Minotaur Monk on June 7, 2023.
             Slain by a bullfrog (3 damage)
             ... in a sewer.
             The game lasted 00:03:49 (2472 turns).

Dordric the Cleaver (Minotaur Monk)                 Turns: 2472, Time: 00:03:50

Health: 0/51       AC:  8    Str: 18    XL:     6   Next: 18%
Magic:  5/5        EV:  8    Int:  7    God:
Gold:   193        SH:  0    Dex: 12    Spells: 5/5 levels left

rFire   . . .        a - +0 hand axe (heavy)
rCold   . . .        d - orb {light}
rNeg    . . .        n - +0 chain mail
rPois   +            (helmet restricted)
rElec   .            (no cloak)
rCorr   .            (no gloves)
SInv    .            (no boots)
Will    .....        (no amulet) Stlth
                     g - ring of poison resistance
HPRegen 0.28/turn    (no ring)
MPRegen 0.09/turn

%: no passive effects
@: glowing, very slow
A: horns 2, retaliatory headbutt
a: no special abilities


You were in a sewer.
You visited 1 branch of the dungeon, and saw 3 of its levels.
You also visited: Sewer.

You collected 193 gold pieces.

Inventory:

Hand Weapons
 a - a +0 heavy hand axe (weapon)
Armour
 b - a +0 robe
 d - an orb of light (worn)
 n - a +0 chain mail (worn)
Jewellery
 g - a ring of poison resistance (left hand)
Scrolls
 f - a scroll of poison
 i - a scroll of torment {unknown}
 j - a scroll of acquirement {unknown}
 m - a scroll of enchant armour
 p - a scroll of teleportation {unknown}
 r - a scroll of fog {unknown}
 t - a scroll of identify
 u - 2 scrolls of brand weapon
Potions
 e - a potion of degeneration {unknown}
 h - 2 potions of might {unknown}
 k - a potion of resistance
 l - a potion of curing {unknown}
 o - a potion of lignification {unknown}
 q - a potion of flight {unknown}
 s - 2 potions of haste {unknown}


   Skills:
 - Level 3.6 Fighting
 + Level 8.4 Axes
 - Level 3.2 Dodging


You had 5 spell levels left.
You didn't know any spells.
Your spell library was empty.

Dungeon Overview and Level Annotations

Branches:
Dungeon (3/15)              Sewer (1/1)

Altars:
Hepliaklqana

Shops:
D:1 (


Innate Abilities, Weirdness & Mutations

You have a pair of horns on your head.
You reflexively headbutt those who attack you in melee.


Message History

The bullfrog is heavily wounded.
You barely miss the bullfrog. You barely miss the ball python.
The bullfrog hits you.
The ball python bites you but does no damage.
The ball python constricts you. The bullfrog hits you. x2
The ball python bites you. The ball python constricts you.
The bullfrog hits you.
* * * LOW HITPOINT WARNING * * *
You completely miss the bullfrog.
The bullfrog is heavily wounded.
You hit the ball python.
You kill the ball python!
You slash the bullfrog!
You feel less invigorated.
You feel less confused. The bullfrog hits you. The bullfrog barely misses you.
You furiously retaliate!
You headbutt the bullfrog, but do no damage.
The bullfrog hits you but does no damage.
The bullfrog barely misses you.
You closely miss the bullfrog.
The bullfrog is heavily wounded.
You barely miss the bullfrog.
The bullfrog hits you but does no damage. x4
You hit the bullfrog. You headbutt the bullfrog.
The bullfrog is almost dead.
You hit the bullfrog. The bullfrog hits you!
* * * LOW HITPOINT WARNING * * *
The bullfrog hits you but does no damage.
The bullfrog barely misses you. The bullfrog closely misses you.
You furiously retaliate!
You headbutt the bullfrog!
You kill the bullfrog!
You have reached level 6!
You hit the bullfrog.
The bullfrog is almost dead.
The bullfrog hits you.
* * * LOW HITPOINT WARNING * * *
The bullfrog hits you.
* * * LOW HITPOINT WARNING * * *
Your unstable footing causes you to fumble your attack.
The bullfrog barely misses you. The bullfrog hits you.
You die...

#≈≈~†≈≈#
#≈≈~≈≈~#
#≈~≈~†~#
#≈≈~≈~≈#
#≈≈≈~≈~#
#≈≈~~~≈#
#≈≈~≈~~#
#≈~≈~~≈#
#≈~~~~≈#
#≈≈≈~≈≈#
#~....≈#
#≈≈~≈~≈#
##~~~~##
#≈≈≈~.~#
#~~~≈≈≈#
#≈≈≈†.≈#
#~~~~≈≈#
#≈≈@≈~~#
#~~~~≈≈#
#≈†F†≈~#
#≈~~~≈≈#
#≈≈~~≈≈#
#≈≈~≈~~#
#≈≈†≈~≈#
#≈≈≈≈~~#
#~~~~≈≈#
#~~≈≈~~#
#≈~#~~≈#
##~~~~.#
##~~.~##
#......#
......
......##
#......


You could see a bullfrog.

Vanquished Creatures
  A bullfrog (Sewer)
  11 adders
  5 river rats
  2 worms
  A dart slug (D:2)
  16 ball pythons
  7 bats
  8 endoplasms
  3 giant cockroaches
  6 hobgoblins
  6 jackals (D:2)
  5 kobolds
  2 quokkas
  6 frilled lizards
  2 goblins (D:2)
  28 rats
109 creatures vanquished.

Notes
Turn   | Place    | Note
-------+----------+-------------------------------------------
     0 | D:1      | Dordric the Minotaur Monk began the quest for the Orb.
     0 | D:1      | Reached XP level 1. HP: 19/19 MP: 0/0
    91 | D:1      | Reached skill level 4 in Axes
    99 | D:1      | Found Geptucw's Weapon Emporium.
   188 | D:1      | Reached XP level 2. HP: 25/26 MP: 1/1
  1195 | D:2      | Reached skill level 5 in Axes
  1195 | D:2      | Reached XP level 3. HP: 25/31 MP: 2/2
  1410 | D:2      | Reached skill level 6 in Axes
  1410 | D:2      | Reached XP level 4. HP: 33/39 MP: 3/3
  1578 | D:2      | Found a faded altar of an unknown god.
  1975 | D:3      | Found a hazy altar of Hepliaklqana.
  2177 | D:3      | Found a glowing drain.
  2181 | Sewer    | Entered a sewer
  2221 | Sewer    | Reached skill level 7 in Axes
  2221 | Sewer    | Reached XP level 5. HP: 45/45 MP: 4/4
  2465 | Sewer    | Reached skill level 8 in Axes
  2471 | Sewer    | Reached XP level 6. HP: 9/51 MP: 5/5
  2472 | Sewer    | Slain by a bullfrog

Illustrated notes

Levels and vault maps discovered:
D:1:      elethiomel_arrival_maze, layout_basic, serial_shops, shop,
          serial_bayou, serial_bayou_shore_a, serial_bayou_shore_b,
          serial_bayou_shore_b, serial_bayou_lagoon_b
D:2:      layout_loops_ring, hellmonk_ecumenical_altar_dog_temple,
          minmay_joined_circles
D:3:      layout_loops_cross, mainiacjoe_overflow_catwalk,
          fedhas_altar_fruit_tree, nicolae_kikubaaqudgha_miasma_corner,
          gup_sewer_entry_spiral, dilly_guarded_unrand_morg
Sewer:    sewer_minmay_w

Skill      XL: |  1  2  3  4  5 |
---------------+----------------+-----
Axes           | 4 5 6 7 8 |  8.4
Fighting       | |  3.6
Dodging        | |  3.2

Action                     |  1- 3 |  4- 6 || total
---------------------------+-------+-------++-------
  Melee: Hand axe          |    81 |   110 ||   191
         Headbutt          |    14 |    15 ||    29
    Use: Scroll            |       |     5 ||     5
         Potion            |       |     1 ||     1
 Armour: Robe              |    17 |       ||    17
         Chain mail        |       |    79 ||    79
  Dodge: Dodged            |    46 |    62 ||   108
